 Dungeon Crawl Stone Soup version 0.30-a0-134-gb40fab5c76 (webtiles) character file.

Game seed: 11018565055022473950

7 Jerej03 the Insei (level 2, -1/23 HPs)
             Began as a Meteoran Transmuter on Sept 19, 2022.
             Slain by a goblin
             ... wielding a +0 dagger
              (2 damage)
             ... on level 1 of the Dungeon.
             The game lasted 00:03:58 (261 turns).

Jerej03 the Insei (Meteoran Transmuter)              Turns: 261, Time: 00:03:59

Health: -1/23      AC:  3    Str: 11    XL:     2   Next: 23%
Magic:  6/6        EV: 12    Int: 14    God:
Gold:   9          SH:  0    Dex: 14    Spells: 3/6 levels left

rFire   . . .      SeeInvis .      - Unarmed
rCold   . . .      Faith    .    (no shield)
rNeg    . . .      Spirit   .    a - +0 robe
rPois   .          Reflect  .    (no helmet)
rElec   .          Harm     .    c - +0 cloak
rCorr   .          Rampage  .    (no gloves)
Will    .....                    (no boots)
Stlth   +.........               (no amulet)
HPRegen 0.07/turn                (no ring)
MPRegen 0.10/turn                (no ring)

@: glowing
A: sense surroundings 1, otherworldly, glowing, explore regen
a: no special abilities


You were on level 1 of the Dungeon.
You visited 1 branch of the dungeon, and saw 1 of its levels.

You collected 9 gold pieces.

Inventory:

Armour
 a - a +0 robe (worn)
 c - a +0 cloak (worn)
Scrolls
 d - a scroll of poison {unknown}
Potions
 b - a potion of lignification


   Skills:
 + Level 1.1 Fighting
 + Level 2.5 Dodging
 + Level 3.9 Unarmed Combat
 + Level 2.8 Spellcasting
 + Level 2.7 Transmutations


You had 3 spell levels left.
You knew the following spells:

 Your Spells              Type           Power      Damage    Failure   Level
a - Beastly Appendage     Tmut           18%        N/A       7%          1
b - Wereblood             Tmut           9%         N/A       11%         2

Your spell library contained the following spells:

 Spells                   Type           Power      Damage    Failure   Level
 Spider Form              Tmut/Pois      5%         N/A       36%         3
 Ice Form                 Ice/Tmut       5%         N/A       77%         4


Dungeon Overview and Level Annotations

Branches:
Dungeon (1/15) Zot: 327

Altars:


Innate Abilities, Weirdness & Mutations

You passively map a small area around you.
You are easily found by Zot.
You glow in the dark.
You regain HP and MP as you explore.


Message History

The bat misses you. The goblin hits you with a +0 dagger.
The bat hits you but does no damage. The goblin closely misses you.
The goblin barely misses you. The bat barely misses you.
The bat closely misses you. The goblin hits you with a +0 dagger.
The bat hits you but does no damage. The goblin closely misses you.
The bat completely misses you. The bat hits you but does no damage.
The goblin hits you but does no damage. The bat hits you but does no damage.
The goblin barely misses you. The goblin hits you with a +0 dagger.
The bat closely misses you. The goblin hits you with a +0 dagger.
The bat closely misses you. The bat hits you.
The goblin hits you with a +0 dagger. The goblin barely misses you.
The bat misses you. The goblin hits you but does no damage.
The goblin barely misses you. The bat barely misses you. The bat misses you.
The goblin barely misses you. The goblin hits you with a +0 dagger.
The bat hits you but does no damage. The goblin hits you with a +0 dagger.
The goblin misses you. The bat hits you. The bat misses you.
The goblin misses you. The bat hits you but does no damage.
The goblin hits you but does no damage. The bat hits you but does no damage.
The goblin hits you with a +0 dagger.
The bat is sucked into a shaft!
The shaft crumbles and collapses.
The goblin hits you but does no damage. The goblin hits you with a +0 dagger.
* * * LOW HITPOINT WARNING * * *
The goblin hits you with a +0 dagger.
* * * LOW HITPOINT WARNING * * *
The goblin closely misses you. The goblin closely misses you.
The goblin hits you but does no damage. The goblin hits you with a +0 dagger.
* * * LOW HITPOINT WARNING * * *
The goblin hits you with a +0 dagger.
* * * LOW HITPOINT WARNING * * *
The goblin hits you with a +0 dagger.
* * * LOW HITPOINT WARNING * * *
The goblin hits you but does no damage. The goblin hits you with a +0 dagger.
You die...

###>..................+,,,
, ####.............##.# ,,
* ##......####.###.#, *
#.#.....# #.# #.# *
#.#.###.# #.# #.####**,
,#.#.# #.###.# #......, *
** #.#.# #..##.#
####...#### #.#.# ##.##.#
,, ....... ,#.#.# #@.#.# *
, * #P... ,#....g....#
##~##P.. *, ,#.........#
~~~~~..< *,#....(....#
##~##P.. #...........
~#P... ,* #.......##..
....... * #######.#*..
####### ,* .# * *# * .


You could see a goblin.

Vanquished Creatures
  A dart slug (D:1)
  An endoplasm (D:1)
  A giant cockroach (D:1)
  2 bats (D:1)
  A frilled lizard (D:1)
6 creatures vanquished.

Notes
Turn   | Place    | Note
-------+----------+-------------------------------------------
     0 | D:1      | Jerej03 the Meteoran Transmuter began the quest for the
                  | Orb.
     0 | D:1      | Reached XP level 1. HP: 16/16 MP: 5/5
    86 | D:1      | Reached XP level 2. HP: 16/23 MP: 6/6
    89 | D:1      | Learned a level 2 spell: Wereblood
   259 | D:1      | HP: 1/23 [goblin/+0 dagger (1)]
   261 | D:1      | Slain by a goblin

Illustrated notes

Levels and vault maps discovered:
D:1:      eino_arrival_water_cross, layout_basic, minmay_misc_feat_rows,
          chequers_serial_rivers_large_a, grunt_decor_fettered,
          minmay_misc_feat_doors

Action                   || total
-------------------------++-------
Melee: Unarmed           ||    20
       Kick              ||     3
       Headbutt          ||     1
       Punch             ||     1
 Cast: Beastly Appendage ||     2
Armor: Robe              ||    33
Dodge: Dodged            ||    38

Table legend: (Time is in decaauts)
 A = Elapsed time spent in this place.
 B = Non-inter-level travel time spent in this place.
 C = Inter-level travel time spent in this place.
 D = Time resting spent in this place.
 E = Time spent auto-exploring this place.
 F = Levels seen in this place.
 G = Mean time per level.
                   A        B        C        D        E       F      G
               +--------+--------+--------+--------+--------+-----+--------+
         Total |    271 |    271 |      0 |      0 |    148 |   1 |  271.0 |
       Dungeon |    271 |    271 |      0 |      0 |    148 |   1 |  271.0 |
               +--------+--------+--------+--------+--------+-----+--------+

Top non-repeatable levels by time:
     D:1: 271 daAuts
